[Event "Titled Tuesday Blitz April 26 Early 2022"]
[White "Redor, Menandro"]
[Black "Belozerov, Andrei"]
[WhiteFideId "5222010"]
[BlackFideId "4120213"]
[WhiteElo "1986"]
[BlackElo "2320"]
[Result "0-1"]
[Round "01"]
[TimeControl "180+1"]
[Date "2022.04.26"]
[WhiteClock "0:00:11"]
[BlackClock "0:00:32"]

1. d4 d5 2. c4 c6 3. Nc3 Nf6 4. Nf3 dxc4 5. a4 Bf5 6. e3 e6 7. Bxc4 Bb4 8. O-O O-O 9. Nh4 Nbd7 10. Nxf5 exf5 11. Bd2 Qe7 12. a5 b5 13. Bb3 g6 14. Qf3 Rac8 15. Rfd1 a6 16. d5 Ne5 17. Qf4 Bd6 18. Qh4 c5 19. e4 Nxe4 20. Qxe7 Bxe7 21. Nxe4 fxe4 22. Re1 f5 23. d6+ c4 24. dxe7 Rfe8 25. Bc2 Rxe7 26. Bc3 Nd3 27. Bxd3 cxd3 28. Red1 Kf7 29. g3 Ke6 30. Rac1 Kd5 31. Bd2 Rec7 32. Kf1 Rc2 33. Ke1 Kc4 34. Bc3 Kb3 35. Rxc2 dxc2 36. Rc1 Rxc3 37. bxc3 Kxc3 38. Ra1 b4 39. f3 b3 0-1


[Site "https://www.chess.com"]

[Event "Titled Tuesday Blitz April 26 Early 2022"]
[White "Reprintsev, Alexander"]
[Black "Simonovic, Miroslav"]
[WhiteFideId "14100541"]
[BlackFideId "919152"]
[WhiteElo "2108"]
[BlackElo "2043"]
[Result "1-0"]
[Round "01"]
[TimeControl "180+1"]
[Date "2022.04.26"]
[WhiteClock "0:00:49"]
[BlackClock "0:00:01"]

1. e4 c5 2. b3 Nc6 3. Bb2 d6 4. Bb5 Bd7 5. Ne2 e5 6. O-O g6 7. f4 Bg7 8. d3 Nge7 9. Nd2 O-O 10. Nf3 Bg4 11. fxe5 Nxe5 12. Nxe5 dxe5 13. h3 Be6 14. Bc4 Bxc4 15. bxc4 f5 16. Nc3 Nc6 17. Nd5 Qg5 18. Bc1 f4 19. Qg4 Qxg4 20. hxg4 b5 21. cxb5 Nd4 22. c4 f3 23. gxf3 Nxf3+ 24. Kh1 h5 25. gxh5 gxh5 26. Be3 Nd4 27. Bxd4 exd4 28. Nc7 Rxf1+ 29. Rxf1 Rf8 30. Rxf8+ Bxf8 31. a4 Kf7 32. a5 Bd6 33. Na6 Ke7 34. b6 axb6 35. axb6 Kf6 36. b7 Ke5 37. Nxc5 Kf4 38. Kg2 Ke3 39. Kh3 Bxc5 40. b8=Q Kxd3 41. e5 Kxc4 42. Qg8+ Kc3 43. Qd5 Bb4 44. Qc6+ Kb3 45. Qc1 1-0


[Site "https://www.chess.com"]

[Event "Titled Tuesday Blitz April 26 Early 2022"]
[White "Rom, Jasper"]
[Black "Karacsonyi, Gellert"]
[WhiteFideId "2023733"]
[BlackFideId "764620"]
[WhiteElo "2233"]
[BlackElo "2187"]
[Result "0-1"]
[Round "01"]
[TimeControl "180+1"]
[Date "2022.04.26"]
[WhiteClock "0:00:01"]
[BlackClock "0:01:12"]

1. e4 c5 2. Nc3 Nc6 3. f4 g6 4. Nf3 Bg7 5. Bb5 Nd4 6. O-O Nxb5 7. Nxb5 a6 8. Nc3 d6 9. d3 Nf6 10. Qe1 e6 11. f5 Ng4 12. fxe6 Bxe6 13. h3 Ne5 14. Ng5 O-O 15. Nxe6 fxe6 16. Be3 b5 17. Qg3 Qe7 18. Bg5 Qd7 19. Qh4 Nc6 20. Bh6 Nd4 21. Bxg7 Qxg7 22. Rf2 Rxf2 23. Qxf2 Rf8 24. Qd2 b4 25. Nd1 Qf6 26. Ne3 Qg5 27. Kh1 Nxc2 28. Qxc2 Qxe3 29. Qc4 Rf6 30. Qxa6 Qd4 31. Qc4 Qxb2 32. Re1 Qe5 33. Kg1 Qg3 34. Rf1 Qe3+ 0-1


[Site "https://www.chess.com"]

[Event "Titled Tuesday Blitz April 26 Early 2022"]
[White "Rosenberg, Evan S"]
[Black "Koziorowicz, Michal"]
[WhiteFideId "2019299"]
[BlackFideId "21809194"]
[WhiteElo "2353"]
[BlackElo "2235"]
[Result "0-1"]
[Round "01"]
[TimeControl "180+1"]
[Date "2022.04.26"]
[WhiteClock "0:00:03"]
[BlackClock "0:01:05"]

1. d4 f5 2. g3 Nf6 3. Bg2 e6 4. Nf3 Be7 5. O-O O-O 6. b3 d6 7. Bb2 Qe8 8. c4 Bd8 9. Nfd2 e5 10. e4 f4 11. gxf4 exf4 12. Kh1 Nc6 13. Rg1 Ng4 14. Qe2 Qh5 15. h3 Qh4 16. Rf1 Nf6 17. Nf3 Qh6 18. Ng1 Bg4 19. Qd3 Nh5 20. Nd2 Be2 21. Qxe2 Bf6 22. Ndf3 Rae8 23. e5 Bd8 24. d5 Nxe5 25. Nxe5 dxe5 26. Be4 f3 27. Bxf3 Nf4 28. Qe4 Nxh3 29. Nxh3 Qxh3+ 30. Kg1 Rxf3 31. Bxe5 Rf5 32. f4 Qg3+ 33. Qg2 Qe3+ 34. Rf2 Bf6 35. Bxf6 Rxf6 36. Kf1 Qd3+ 37. Kg1 Rg6 38. f5 Rxg2+ 39. Rxg2 Qd4+ 40. Kh2 Qxa1 0-1


[Site "https://www.chess.com"]

[Event "Titled Tuesday Blitz April 26 Early 2022"]
[White "Rottenwohrer Suarez, Juan"]
[Black "Tanenbaum, Zachary"]
[WhiteFideId "32068182"]
[BlackFideId "2060850"]
[WhiteElo "2158"]
[BlackElo "2168"]
[Result "0-1"]
[Round "01"]
[TimeControl "180+1"]
[Date "2022.04.26"]
[WhiteClock "0:00:04"]
[BlackClock "0:00:10"]

1. Nf3 d5 2. g3 Nf6 3. Bg2 c6 4. O-O Bf5 5. d3 Nbd7 6. c4 dxc4 7. dxc4 e5 8. Nc3 Be7 9. b3 O-O 10. Bb2 Qc7 11. h3 a5 12. g4 Bg6 13. Nh4 Rfd8 14. Nxg6 hxg6 15. Qc2 Nc5 16. Rad1 Nh7 17. Ne4 Nxe4 18. Qxe4 Bf6 19. Qc2 Ng5 20. Rxd8+ Rxd8 21. Rd1 Ne6 22. e3 Nc5 23. Bc3 Rxd1+ 24. Qxd1 Qd8 25. Qxd8+ Bxd8 26. Bxe5 Nd3 27. Bc3 Nc1 28. Bf1 Nxa2 29. Bd2 b6 30. f4 Be7 31. Bg2 c5 32. e4 Bh4 33. Kf1 f6 34. Ke2 g5 35. e5 gxf4 36. Bxf4 fxe5 37. Bxe5 Nc1+ 38. Kd1 Nxb3 39. Bc6 Bf6 40. Bc7 Nd4 41. Bd5+ Kf8 42. Bxb6 Nb3 43. Kc2 a4 44. Bc6 Nd4+ 45. Kb2 Nxc6+ 46. Ka3 Bd4 47. Kxa4 Ke7 48. Kb5 Kd6 49. Ba5 Nxa5 50. Kxa5 g5 51. Kb5 Bf2 52. Kb6 Ke5 53. Kc6 Kd4 54. Kd6 Kxc4 0-1


[Site "https://www.chess.com"]

[Event "Titled Tuesday Blitz April 26 Early 2022"]
[White "Rozman, Levy"]
[Black "Kaminski, Victor"]
[WhiteFideId "2039877"]
[BlackFideId "1131630"]
[WhiteElo "2376"]
[BlackElo "2181"]
[Result "0-1"]
[Round "01"]
[TimeControl "180+1"]
[Date "2022.04.26"]
[WhiteClock "0:00:18"]
[BlackClock "0:00:03"]

1. d4 Nf6 2. Nc3 d6 3. e4 Nbd7 4. Bg5 e5 5. Nge2 Be7 6. Qd3 O-O 7. h3 h6 8. Bxf6 Bxf6 9. O-O-O exd4 10. Nxd4 Nc5 11. Qc4 a6 12. f3 b5 13. Qe2 Bd7 14. Kb1 b4 15. Nd5 Rb8 16. g4 a5 17. h4 b3 18. cxb3 a4 19. b4 Ne6 20. Nf5 a3 21. g5 Bxb2 22. gxh6 g6 23. Rg1 Kh7 24. Nfe3 c6 25. h5 cxd5 26. Nxd5 Bc6 27. Qc2 Bxd5 28. exd5 Nf4 29. Bd3 Qf6 30. b5 Rg8 31. Rg4 Rb7 32. hxg6+ fxg6 33. Rdg1 Ba1 34. Be4 Rxb5+ 35. Kc1 Bb2+ 36. Kd1 Rc5 37. Rxf4 Rxc2 38. Bxg6+ Qxg6 39. Rxg6 Rc1+ 40. Kd2 Rxg6 41. Rf7+ Kxh6 42. Rb7 Rg2+ 43. Ke3 Re1+ 44. Kf4 Be5+ 45. Kf5 Rg5+ 46. Ke6 Bf4+ 47. Kf6 Be5+ 48. Ke6 Rg6+ 49. Kf5 Rf6+ 50. Kg4 Rg1+ 51. Kh3 Rxf3+ 52. Kh4 Rf4+ 53. Kh3 Ra1 54. Rb3 Rf6 55. Rg3 Bxg3 56. Kg4 Be5 57. Kh4 Rg6 58. Kh3 Rh1# 0-1


[Site "https://www.chess.com"]

[Event "Titled Tuesday Blitz April 26 Early 2022"]
[White "Safarli, Eltaj"]
[Black "Richter, Nils"]
[WhiteFideId "13402129"]
[BlackFideId "12990809"]
[WhiteElo "2634"]
[BlackElo "2243"]
[Result "1-0"]
[Round "01"]
[TimeControl "180+1"]
[Date "2022.04.26"]
[WhiteClock "0:01:48"]
[BlackClock "0:01:38"]

1. e4 e6 2. d4 d5 3. exd5 exd5 4. c4 Nf6 5. Nc3 Bb4 6. Bd3 O-O 7. Ne2 dxc4 8. Bxc4 Nbd7 9. O-O Nb6 10. Bb3 Re8 11. Bg5 h6 12. Bh4 Be6 13. d5 Bf5 14. Qd4 Bd6 15. Bxf6 Qxf6 16. Qxf6 gxf6 17. Ng3 Bg6 18. f4 Bd3 19. Rf3 Bc4 20. Nf5 Bf8 21. Rg3+ Kh8 22. Rd1 Bxb3 23. axb3 Rad8 24. Rgd3 a6 25. Kf2 Kh7 26. Kf3 h5 27. Ne4 Nd7 28. Rc1 Rc8 29. Rdc3 Nb6 30. Nxf6+ Kg6 31. Nxe8 Kxf5 32. Nxc7 Bd6 33. Nb5 Rxc3+ 34. Nxc3 Bxf4 35. Rf1 h4 36. g4+ hxg3 37. hxg3 Be5 38. Rd1 Nc8 39. Ne4 Kg6 40. d6 f5 41. d7 fxe4+ 42. Kxe4 1-0


[Site "https://www.chess.com"]

[Event "Titled Tuesday Blitz April 26 Early 2022"]
[White "Sailer, Mike"]
[Black "Dauner, Benedikt"]
[WhiteFideId "2012901"]
[BlackFideId "16225899"]
[WhiteElo "2109"]
[BlackElo "2230"]
[Result "0-1"]
[Round "01"]
[TimeControl "180+1"]
[Date "2022.04.26"]
[WhiteClock "0:00:11"]
[BlackClock "0:00:54"]

1. Nf3 d5 2. d4 Nf6 3. Bf4 c5 4. e3 Nc6 5. Nc3 Bf5 6. Be2 e6 7. O-O Be7 8. h3 h6 9. Ne5 O-O 10. Nxc6 bxc6 11. Na4 cxd4 12. exd4 Qa5 13. c3 Ne4 14. b4 Qd8 15. f3 Nf6 16. Nc5 Nh5 17. Bh2 Bh4 18. Ba6 Ng3 19. Re1 Qg5 20. Bb7 Rad8 21. Bxc6 Bxh3 22. Bxg3 Qxg3 23. Re2 Bf5 24. Nd7 Rfe8 25. Ne5 Re7 26. Bb5 Rc7 27. Qd2 Bg5 28. Qb2 Bf4 29. Bd3 Qh2+ 30. Kf2 Bxe5 31. dxe5 Bxd3 32. Re3 Bg6 0-1


[Site "https://www.chess.com"]

[Event "Titled Tuesday Blitz April 26 Early 2022"]
[White "Samaganova, Aleksandra"]
[Black "Halvax, Georg"]
[WhiteFideId "13800221"]
[BlackFideId "1619543"]
[WhiteElo "1859"]
[BlackElo "2403"]
[Result "0-1"]
[Round "01"]
[TimeControl "180+1"]
[Date "2022.04.26"]
[WhiteClock "0:00:08"]
[BlackClock "0:01:37"]

1. c4 e6 2. Nc3 d5 3. e3 Nf6 4. Nf3 c6 5. d4 Nbd7 6. cxd5 exd5 7. Bd3 Bd6 8. O-O O-O 9. h3 Re8 10. Qc2 Nf8 11. Re1 Be6 12. e4 dxe4 13. Nxe4 Nxe4 14. Bxe4 h6 15. Bd2 Qf6 16. Bc3 Bd5 17. Ne5 Rad8 18. Bxd5 cxd5 19. Re3 Bxe5 20. dxe5 Qc6 21. Qd2 d4 22. Bxd4 Ne6 23. Rd3 Qe4 24. Rd1 Nf4 25. Rg3 Rxd4 26. Qe1 Rxd1 27. Qxd1 Ne2+ 28. Kh2 Nxg3 29. fxg3 Qxe5 0-1


[Site "https://www.chess.com"]

[Event "Titled Tuesday Blitz April 26 Early 2022"]
[White "Sanal, Vahap"]
[Black "Fiorito, Fabian"]
[WhiteFideId "6300545"]
[BlackFideId "100200"]
[WhiteElo "2603"]
[BlackElo "2395"]
[Result "1-0"]
[Round "01"]
[TimeControl "180+1"]
[Date "2022.04.26"]
[WhiteClock "0:00:20"]
[BlackClock "0:00:07"]

1. e4 c6 2. Nf3 d5 3. d3 g6 4. Qe2 Bg7 5. g3 e5 6. Bg2 d4 7. O-O Ne7 8. Nbd2 O-O 9. Nc4 f6 10. a4 Be6 11. Nfd2 b5 12. Na3 a6 13. f4 Nd7 14. Nf3 Nb6 15. fxe5 fxe5 16. Ng5 Qd7 17. Rxf8+ Rxf8 18. a5 Nbc8 19. Bd2 c5 20. b4 Bg4 21. Qe1 h6 22. h3 cxb4 23. hxg4 bxa3 24. Nh3 Qxg4 25. Rxa3 Nc6 26. Ra1 Nd6 27. Kh2 Kh7 28. Nf2 Qh5+ 29. Nh3 Qg4 30. Rb1 Rf7 31. Nf2 Qh5+ 32. Nh3 Qg4 33. Bf1 Qe6 34. Be2 Nb7 35. Ra1 Nc5 36. Kg2 Na4 37. Qh1 Kg8 38. Nf2 Nc3 39. Bg4 Qf6 40. Rf1 h5 41. Bc8 Qf3+ 42. Kh2 Qe2 43. Be1 Nd1 44. Kg1 Ne3 45. Qh3 Nxf1 46. Qxf1 Qxc2 47. Be6 Nd8 48. Bd5 Kh7 49. Bxf7 Nxf7 50. Nh3 Qc7 51. Bb4 Kg8 52. Nf2 Bh6 53. Qh3 Be3 54. Qe6 Qc2 55. Qxg6+ Kh8 56. Qxf7 Bxf2+ 57. Qxf2 Qxd3 58. Qf8+ Kh7 59. Qf7+ Kh6 60. Bf8+ Kg5 61. Qf5# 1-0


[Site "https://www.chess.com"]

[Event "Titled Tuesday Blitz April 26 Early 2022"]
[White "Sargsyan, Anna M."]
[Black "Mihailidis, Anastasios"]
[WhiteFideId "13308130"]
[BlackFideId "4205588"]
[WhiteElo "2271"]
[BlackElo "2312"]
[Result "1-0"]
[Round "01"]
[TimeControl "180+1"]
[Date "2022.04.26"]
[WhiteClock "0:01:21"]
[BlackClock "0:00:17"]

1. d4 d5 2. c4 e6 3. Nf3 Nf6 4. Nc3 Be7 5. Bf4 O-O 6. e3 Nbd7 7. h3 c5 8. cxd5 exd5 9. dxc5 Nxc5 10. Be2 Be6 11. O-O Nce4 12. Rc1 Nxc3 13. Rxc3 Rc8 14. Rxc8 Qxc8 15. Nd4 Qc5 16. Qb3 b6 17. Qa4 a5 18. a3 Rc8 19. Ba6 Ra8 20. Bb7 Rd8 21. b4 axb4 22. axb4 Qxb4 23. Qxb4 Bxb4 24. Nc6 Rd7 25. Bc8 Bc5 26. Bxd7 Bxd7 27. Ne5 Be8 28. Ra1 Kf8 29. Nd3 Be7 30. Ra8 Nd7 31. Bc7 f6 32. Nf4 Kf7 33. Nxd5 b5 34. Ba5 Bd6 35. Ra6 Ke6 36. Nc7+ Ke7 37. Nxe8 Kxe8 38. Rxd6 Ke7 39. Bb4 Ke8 40. Rd5 Ne5 41. Rxb5 Kf7 42. Rb7+ Kg6 43. f4 Nd3 44. Bf8 Nc5 1-0


[Site "https://www.chess.com"]

[Event "Titled Tuesday Blitz April 26 Early 2022"]
[White "Sarkar, Justin"]
[Black "Harikrishna, Pentala"]
[WhiteFideId "2010011"]
[BlackFideId "5007003"]
[WhiteElo "2038"]
[BlackElo "2574"]
[Result "0-1"]
[Round "01"]
[TimeControl "180+1"]
[Date "2022.04.26"]
[WhiteClock "0:00:02"]
[BlackClock "0:01:11"]

1. e4 e5 2. Nc3 Nf6 3. Bc4 Nc6 4. d3 Na5 5. Nge2 Nxc4 6. dxc4 Bb4 7. O-O h6 8. a3 Bxc3 9. Nxc3 d6 10. f3 O-O 11. Be3 Be6 12. b3 b6 13. a4 a5 14. Qd2 Kh7 15. Rad1 Nd7 16. Nd5 f5 17. exf5 Bxf5 18. f4 e4 19. Rde1 Nf6 20. Bd4 Nxd5 21. cxd5 Qd7 22. c4 Rae8 23. Re3 c5 24. Bb2 Rf7 25. h3 h5 26. Qf2 Qe7 27. Kh2 Ref8 28. Qg3 h4 29. Qe1 g5 30. Qe2 Bg6 31. f5 Rxf5 32. Rxf5 Rxf5 33. Rxe4 Qf8 34. Re7+ Rf7 35. Rxf7+ Qxf7 36. Qe3 Kh6 37. Qc3 Qf4+ 38. Kh1 Qf8 0-1


[Site "https://www.chess.com"]

[Event "Titled Tuesday Blitz April 26 Early 2022"]
[White "Sawyer, Bradley"]
[Black "Wagner, Dennis"]
[WhiteFideId "2023784"]
[BlackFideId "24650684"]
[WhiteElo "2373"]
[BlackElo "2355"]
[Result "0-1"]
[Round "01"]
[TimeControl "180+1"]
[Date "2022.04.26"]
[WhiteClock "0:00:49"]
[BlackClock "0:00:26"]

1. c4 e5 2. g3 Nf6 3. Bg2 Bc5 4. Nc3 c6 5. e3 Bb6 6. Nge2 d5 7. cxd5 cxd5 8. d4 e4 9. O-O O-O 10. f3 exf3 11. Bxf3 Bg4 12. Nf4 Be6 13. Nxe6 fxe6 14. b3 Nc6 15. Ba3 Rf7 16. Bg2 Qd7 17. Qd3 Re8 18. Na4 e5 19. Nxb6 axb6 20. dxe5 Nxe5 21. Qd4 Neg4 22. Rae1 Qe6 23. h3 Ne5 24. g4 Ne4 25. Bxe4 dxe4 26. Qxe4 Nf3+ 27. Qxf3 Rxf3 28. Rxf3 h5 29. Rf4 Qd5 30. Kf2 Ra8 0-1


[Site "https://www.chess.com"]

[Event "Titled Tuesday Blitz April 26 Early 2022"]
[White "Schekachikhin, Maksim"]
[Black "De Souza, Cristiano Gomes"]
[WhiteFideId "24177830"]
[BlackFideId "2151758"]
[WhiteElo "2230"]
[BlackElo "2068"]
[Result "1-0"]
[Round "01"]
[TimeControl "180+1"]
[Date "2022.04.26"]
[WhiteClock "0:01:23"]
[BlackClock "0:00:24"]

1. d4 Nf6 2. c4 g6 3. Nc3 Bg7 4. e4 d6 5. Be2 O-O 6. Nf3 e5 7. O-O Nc6 8. d5 Ne7 9. b4 Nh5 10. g3 f5 11. Ng5 Nf6 12. Bf3 h6 13. Ne6 Bxe6 14. dxe6 fxe4 15. Nxe4 Nxe4 16. Bxe4 c6 17. b5 d5 18. cxd5 cxd5 19. Ba3 dxe4 20. Qxd8 Rfxd8 21. Bxe7 Re8 22. Bc5 Rxe6 23. Rfe1 a6 24. bxa6 Rexa6 25. a3 Bf8 26. Bxf8 Kxf8 27. Rxe4 Rxa3 28. Rxa3 Rxa3 29. Rxe5 Ra6 30. Rb5 b6 31. Rd5 Ke7 32. Kg2 Ke6 33. Rd8 Ra1 34. g4 b5 35. Rh8 b4 36. Rxh6 Kf6 37. Rh8 b3 38. Rb8 Rb1 39. h4 Ke5 40. Kf3 b2 41. Rb4 Rh1 42. Rxb2 Rxh4 43. Rb5+ Kf6 44. Rb6+ Kg5 45. Rb5+ Kh6 46. Kf4 Rh1 47. Rb7 g5+ 48. Kf5 Rf1 49. Rb6+ Kh7 50. Rb2 Kh6 51. Re2 Ra1 52. Re6+ Kg7 53. Kxg5 Ra5+ 54. Kh4 Ra4 55. Kg3 Ra3+ 56. f3 Ra1 57. f4 Ra3+ 58. Kh4 Ra1 59. Kg5 Rh1 60. Re7+ Kf8 61. Ra7 Rf1 62. f5 Rb1 63. Kg6 Rb4 64. g5 1-0


[Site "https://www.chess.com"]

[Event "Titled Tuesday Blitz April 26 Early 2022"]
[White "Shandrygin, Nikita"]
[Black "Seifert, Henryk"]
[WhiteFideId "24198668"]
[BlackFideId "1100963"]
[WhiteElo "2323"]
[BlackElo "2120"]
[Result "0-1"]
[Round "01"]
[TimeControl "180+1"]
[Date "2022.04.26"]
[WhiteClock "0:02:34"]
[BlackClock "0:01:52"]

1. Nf3 d5 2. g3 c6 3. Bg2 Nf6 4. O-O Bf5 5. d4 e6 6. c4 Be7 7. Ne5 Nfd7 8. Qb3 Qb6 9. Nxd7 Nxd7 10. c5 Qxb3 11. axb3 a6 12. Nc3 O-O 13. b4 e5 14. dxe5 Nxe5 15. e4 dxe4 16. Nxe4 Nd3 17. Rd1 Nxb4 18. Rd7 Bxd7 0-1


[Site "https://www.chess.com"]

[Event "Titled Tuesday Blitz April 26 Early 2022"]
[White "Sharapov, Evgeny"]
[Black "Terry, Renato"]
[WhiteFideId "14103133"]
[BlackFideId "3803457"]
[WhiteElo "2367"]
[BlackElo "2577"]
[Result "0-1"]
[Round "01"]
[TimeControl "180+1"]
[Date "2022.04.26"]
[WhiteClock "0:00:20"]
[BlackClock "0:01:06"]

1. e4 e6 2. d4 d5 3. exd5 exd5 4. Nf3 Nc6 5. c3 Bd6 6. h3 Nge7 7. Bd3 O-O 8. Qc2 Ng6 9. O-O Re8 10. Bg5 Nce7 11. Nbd2 f6 12. Be3 Be6 13. Rfe1 Qd7 14. c4 c6 15. cxd5 cxd5 16. Nb3 b6 17. Rac1 Rac8 18. Qd2 Bxh3 19. Rxc8 Rxc8 20. gxh3 Qxh3 21. Bf1 Qxf3 22. Bg2 Qg4 23. Qe2 Qxe2 24. Rxe2 Kf7 25. Bh3 Rc7 26. Kg2 Nh4+ 27. Kf1 Nhf5 28. Bd2 h5 29. Bc3 g5 30. Nd2 g4 31. Bg2 Nh4 32. Bh1 f5 33. Ke1 f4 0-1


[Site "https://www.chess.com"]

[Event "Titled Tuesday Blitz April 26 Early 2022"]
[White "Shirov, Alexei"]
[Black "Khamdamova, Afruza"]
[WhiteFideId "2209390"]
[BlackFideId "14210444"]
[WhiteElo "2678"]
[BlackElo "1660"]
[Result "1-0"]
[Round "01"]
[TimeControl "180+1"]
[Date "2022.04.26"]
[WhiteClock "0:01:01"]
[BlackClock "0:00:41"]

1. e4 e5 2. Nf3 Nf6 3. Nxe5 d6 4. Nf3 Nxe4 5. d4 d5 6. Bd3 Nc6 7. O-O Be7 8. c4 Nf6 9. Nc3 Bg4 10. cxd5 Nxd5 11. h3 Bh5 12. Be4 Nf6 13. Bxc6+ bxc6 14. g4 Bg6 15. Ne5 Qd6 16. Bf4 Nd5 17. Nxg6 Qxg6 18. Nxd5 cxd5 19. Re1 c6 20. Qe2 Qf6 21. Be5 Qh4 22. Bg3 Qf6 23. Rac1 Kd7 24. Qa6 Rhc8 25. Qb7+ Ke8 26. Rxc6 Rxc6 27. Qxa8+ Kd7 28. Qxa7+ Kd8 29. Qb8+ Rc8 30. Qb7 1-0


[Site "https://www.chess.com"]

[Event "Titled Tuesday Blitz April 26 Early 2022"]
[White "Sihite, Chelsie Monica Ignesias"]
[Black "Drygalov, Sergey"]
[WhiteFideId "7101198"]
[BlackFideId "24171743"]
[WhiteElo "2224"]
[BlackElo "2514"]
[Result "0-1"]
[Round "01"]
[TimeControl "180+1"]
[Date "2022.04.26"]
[WhiteClock "0:02:01"]
[BlackClock "0:01:30"]

1. e4 c5 2. Nf3 e6 3. d4 cxd4 4. Nxd4 a6 5. Nc3 Qc7 6. Be2 b5 7. O-O Bb7 8. f3 Nf6 9. Be3 Be7 10. a4 b4 11. Na2 d5 12. exd5 Nxd5 13. Bf2 Nd7 14. c4 bxc3 15. Nxc3 Nxc3 16. bxc3 O-O 17. Rc1 Rfd8 18. Qb3 Nc5 19. Qa2 Bd6 20. g3 Qa5 21. Rb1 Rab8 22. Bc4 Qxa4 23. Ra1 Qd7 24. Rfd1 Qc7 25. Qe2 Kh8 26. Ba2 Be7 27. Rac1 Rbc8 28. c4 Bf6 29. Bb1 g6 30. h4 e5 31. Nc2 e4 32. Bd4 Qxg3+ 33. Qg2 Qxh4 34. Bxc5 Rxc5 35. Rxd8+ Bxd8 36. Qf2 Rg5+ 37. Kf1 Qh1+ 38. Ke2 exf3+ 39. Kd2 Ba5+ 40. Kd3 Qxc1 0-1


[Site "https://www.chess.com"]

[Event "Titled Tuesday Blitz April 26 Early 2022"]
[White "Sjugirov, Sanan"]
[Black "Buchenau, Frank"]
[WhiteFideId "4189302"]
[BlackFideId "4604350"]
[WhiteElo "2602"]
[BlackElo "2193"]
[Result "1-0"]
[Round "01"]
[TimeControl "180+1"]
[Date "2022.04.26"]
[WhiteClock "0:00:16"]
[BlackClock "0:00:01"]

1. d4 e6 2. c4 Nf6 3. Nf3 b6 4. g3 Bb7 5. Bg2 Be7 6. O-O O-O 7. Nc3 Ne4 8. Bd2 f5 9. Ne5 Nxc3 10. Bxc3 Bxg2 11. Kxg2 d6 12. Nd3 Qd7 13. Re1 Nc6 14. d5 Nd8 15. e4 Bf6 16. Bxf6 Rxf6 17. e5 dxe5 18. Nxe5 Qd6 19. Qf3 exd5 20. Rad1 c6 21. cxd5 c5 22. Nc4 Qd7 23. d6 Qc6 24. d7 Qxf3+ 25. Kxf3 Nc6 26. Re8+ Rf8 27. Rxa8 Rxa8 28. Rd6 Nd4+ 29. Kf4 Rd8 30. b4 Kf7 31. bxc5 bxc5 32. Ne5+ Ke7 33. Ra6 g6 34. Rxa7 Ke6 35. Nf3 Rxd7 36. Rxd7 Kxd7 37. Nxd4 cxd4 38. Kf3 Kc6 39. Ke2 Kc5 40. Kd3 Kd5 41. f4 Kc5 42. a4 1-0


[Site "https://www.chess.com"]

[Event "Titled Tuesday Blitz April 26 Early 2022"]
[White "Starozhilov, Leonid"]
[Black "Itkis, Boris"]
[WhiteFideId "14106752"]
[BlackFideId "1209167"]
[WhiteElo "2414"]
[BlackElo "2207"]
[Result "1-0"]
[Round "01"]
[TimeControl "180+1"]
[Date "2022.04.26"]
[WhiteClock "0:00:39"]
[BlackClock "0:00:27"]

1. e4 c5 2. Nf3 Nc6 3. Bb5 g6 4. O-O Bg7 5. Nc3 e6 6. Bxc6 bxc6 7. e5 Ne7 8. Ne4 O-O 9. Nxc5 Qa5 10. d4 Rb8 11. b3 Qc7 12. Ne4 Nf5 13. Ba3 d5 14. Nd6 Qa5 15. Bc5 Nxd6 16. Bxd6 Ba6 17. Bxf8 Bxf8 18. Re1 c5 19. a3 cxd4 20. Nxd4 Rc8 21. b4 Qc7 22. Qd2 Bg7 23. f4 Bc4 24. c3 a6 25. a4 Bf8 26. Kh1 a5 27. b5 Qb6 28. Nc6 Bc5 29. Rab1 Rc7 30. Nd4 Rd7 31. h3 Qc7 32. Kh2 Bb6 33. Kh1 Rd8 34. f5 exf5 35. e6 Re8 36. exf7+ Qxf7 37. Rxe8+ Qxe8 38. Re1 Qf7 39. Qe3 f4 40. Qe8+ Kg7 41. Re7 1-0


[Site "https://www.chess.com"]

[Event "Titled Tuesday Blitz April 26 Early 2022"]
[White "Steil-Antoni, Fiona"]
[Black "Guz, Ari"]
[WhiteFideId "4001249"]
[BlackFideId "2825759"]
[WhiteElo "2059"]
[BlackElo "1913"]
[Result "1-0"]
[Round "01"]
[TimeControl "180+1"]
[Date "2022.04.26"]
[WhiteClock "0:00:04"]
[BlackClock "0:00:13"]

1. e4 c5 2. Nc3 Nc6 3. f4 g6 4. Nf3 Bg7 5. Bb5 Nd4 6. O-O Nxb5 7. Nxb5 Qb6 8. Nc3 e6 9. Kh1 Ne7 10. d3 O-O 11. e5 d5 12. Na4 Qc6 13. b3 b5 14. Nc3 Bb7 15. Ne2 d4 16. Ng3 Nf5 17. Ne4 Qb6 18. Qe1 a5 19. a4 c4 20. bxc4 bxc4 21. Ba3 Rfc8 22. g4 Ne3 23. Rf2 Bxe4 24. dxe4 Nxg4 25. Rg2 Ne3 26. Re2 Bh6 27. Rb1 Qc6 28. Rxe3 dxe3 29. Qxe3 Rab8 30. Rd1 Rd8 31. Bd6 Qxa4 32. Nd4 Rbc8 33. Rg1 c3 34. Nb3 Rc4 35. Nc5 Qc6 36. Re1 Bf8 37. Bxf8 Kxf8 38. Nd3 a4 39. f5 exf5 40. Qh6+ Kg8 41. Nf2 fxe4 42. Kg1 Qe6 43. h3 a3 44. Ng4 a2 45. Nf6+ 1-0


[Site "https://www.chess.com"]

[Event "Titled Tuesday Blitz April 26 Early 2022"]
[White "Stromboli, Ettore"]
[Black "Kamsky, Gata"]
[WhiteFideId "813761"]
[BlackFideId "2000024"]
[WhiteElo "2414"]
[BlackElo "2645"]
[Result "1/2-1/2"]
[Round "01"]
[TimeControl "180+1"]
[Date "2022.04.26"]
[WhiteClock "0:00:36"]
[BlackClock "0:00:29"]

1. g3 d5 2. Bg2 Nf6 3. d4 c6 4. c3 Bf5 5. Nf3 h6 6. O-O e6 7. Nbd2 Nbd7 8. Re1 Be7 9. Qb3 Qb6 10. a4 O-O 11. a5 Qxb3 12. Nxb3 Bc2 13. Nbd2 Rfc8 14. b4 b6 15. Bb2 c5 16. dxc5 bxc5 17. Rec1 Bh7 18. bxc5 Rab8 19. Ba3 Bxc5 20. c4 Bxa3 21. Rxa3 g5 22. Rac3 dxc4 23. Rxc4 Rxc4 24. Nxc4 Rc8 25. e3 Be4 26. Nfd2 Bxg2 27. Kxg2 Ne5 28. Rc2 Nd5 29. Na3 Rxc2 30. Nxc2 Nc6 31. Nb3 Kf8 32. Ncd4 Ndb4 1/2-1/2


[Site "https://www.chess.com"]

[Event "Titled Tuesday Blitz April 26 Early 2022"]
[White "Svane, Frederik"]
[Black "Sanchez Alvares, Kelvin Antonio"]
[WhiteFideId "12923044"]
[BlackFideId "3906680"]
[WhiteElo "2459"]
[BlackElo "2193"]
[Result "1-0"]
[Round "01"]
[TimeControl "180+1"]
[Date "2022.04.26"]
[WhiteClock "0:00:16"]
[BlackClock "0:00:05"]

1. e4 e5 2. Nf3 Nc6 3. Bb5 a6 4. Ba4 b5 5. Bb3 Nf6 6. O-O Nxe4 7. d4 d5 8. dxe5 Be6 9. Be3 Be7 10. c3 Qd7 11. Nbd2 Nc5 12. Bc2 Bg4 13. h3 Bh5 14. a4 O-O 15. g4 Bg6 16. Bxg6 fxg6 17. axb5 axb5 18. Rxa8 Rxa8 19. Qe2 Nd8 20. b4 Nce6 21. Nb3 c6 22. Kg2 Ra3 23. Qb2 Ra4 24. Ra1 Qb7 25. Na5 Qb8 26. Rd1 Qc7 27. Qb3 Nf7 28. Bd4 Nxd4 29. Nxd4 Nxe5 30. Ndxc6 Nc4 31. Rxd5 Bf8 32. Nxc4 Qxc6 33. Ne3 Qe6 34. Qc2 Ra3 35. Qd3 Qc6 36. Qxb5 Qxc3 37. Rd8 Ra7 38. Qd5+ Rf7 39. Rxf8+ Kxf8 40. Qd8# 1-0


[Site "https://www.chess.com"]